 Dungeon Crawl Stone Soup version 0.24-a0-284-g9fb9971 (webtiles) character file.

Game seed: 16968546284394313301

22233 tsouns the Nimble (level 12, -3/97 HPs)
             Began as a Gnoll Monk on May 6, 2019.
             Was an Initiate of Gozag.
             Slain by a black mamba (9 damage)
             ... on level 5 of the Lair of Beasts.
             The game lasted 00:42:04 (15867 turns).

tsouns the Nimble (Gnoll Monk)                     Turns: 15867, Time: 00:42:05

Health: -3/97      AC: 11    Str: 18    XL:     12   Next: 98%
Magic:  23/23      EV: 23    Int: 16    God:    Gozag
Gold:   878        SH: 16    Dex: 18    Spells: 25/26 levels left

rFire    + + +     SeeInvis +   t - +2 long sword (venom)
rCold    . . .     Gourm    .   o - +5 shield "Boliply" {MR+ rCorr Str+3 Dex-5}
rNeg     + . .     Faith    .   D - +3 salamander hide armour {+Rage rF++}
rPois    .         Spirit   .   m - +0 helmet
rElec    .         Reflect  .   H - +2 cloak of the Thief {+Fog Slay-2 SInv Stlth+}
rCorr    +         Harm     +   (no gloves)
MR       +....                  (no boots)
Stlth    ++++++....             d - amulet of harm
HPRegen  0.26/turn              y - ring of positive energy
MPRegen  0.18/turn              E - ring of protection from fire

@: agile, gold aura
A: distributed training, fangs 1, strong nose
a: Potion Petition, Call Merchant, Bribe Branch, Renounce Religion, Evoke Fog,
Evoke Berserk Rage


You were on level 5 of the Lair of Beasts.
You worshipped Gozag.
Gozag was pleased with you.
You were hungry.

You visited 3 branches of the dungeon, and saw 16 of its levels.

You collected 2947 gold pieces.
You spent 1568 gold pieces at shops.
You paid 501 gold pieces to Gozag.

Inventory:

Hand Weapons
 a - a +0 falchion of draining
 s - a +2 dagger of venom
 t - a +2 long sword of venom (weapon)
 v - a +1 flail of draining
 z - a +2 flail of holy wrath
Missiles
 e - 91 sling bullets
 h - 558 stones (quivered)
 j - 360 arrows
Armour
 i - a +0 scale mail
 m - a +0 helmet (worn)
 o - the +5 shield "Boliply" (worn) {MR+ rCorr Str+3 Dex-5}
   (You found it on level 4 of the Dungeon)

   It affects your strength (+3).
   It affects your dexterity (-5).
   It affects your resistance to hostile enchantments.
   It provides partial protection from all sources of acid and corrosion.
 w - a +0 plate armour
 D - the +3 salamander hide armour (worn) {+Rage rF++}
   (You found it on level 3 of the Lair of Beasts)

   It greatly protects you from fire.
   It lets you go berserk.
 H - the +2 cloak of the Thief (worn) {+Fog Slay-2 SInv Stlth+}
   (You found it on level 3 of the Lair of Beasts)

   It affects your accuracy and damage with ranged weapons and melee attacks
   (-2).
   It lets you see invisible.
   It makes you more stealthy.
 L - a scarf of cloud immunity
Jewellery
 d - an amulet of harm (around neck)
 n - an uncursed ring of protection from fire
 q - an uncursed ring of poison resistance
 y - a ring of positive energy (left hand)
 C - an uncursed ring of positive energy
 E - a ring of protection from fire (right hand)
Wands
 A - a wand of polymorph (5)
 K - a wand of flame (25)
 P - a wand of digging (5)
 Q - a wand of paralysis (10)
Scrolls
 b - a scroll of magic mapping
 g - 12 scrolls of remove curse
 l - 8 scrolls of teleportation
 x - a scroll of amnesia
 F - a scroll of blinking
 J - 2 scrolls of enchant weapon
 M - a scroll of fear
Potions
 f - 4 potions of mutation
 k - a potion of ambrosia
 p - 2 potions of flight
 r - 6 potions of curing
 u - a potion of brilliance
 B - a potion of heal wounds
 I - 3 potions of agility
Miscellaneous
 G - a box of beasts
 N - a lamp of fire
 O - a phial of floods
Comestibles
 c - 16 rations


   Skills:
 + Level 10.1 Fighting
 + Level 7.6 Short Blades
 + Level 10.1 Long Blades
 + Level 7.6 Axes
 + Level 7.6 Maces & Flails
 + Level 7.6 Polearms
 + Level 7.6 Staves
 + Level 7.6 Slings
 + Level 7.6 Bows
 + Level 7.6 Crossbows
 + Level 7.6 Throwing
 + Level 7.6 Armour
 + Level 10.1 Dodging
 + Level 8.8 Stealth
 + Level 7.6 Shields
 + Level 7.6 Unarmed Combat
 + Level 7.6 Spellcasting
 + Level 6.3 Conjurations
 + Level 6.3 Hexes
 + Level 6.3 Charms
 + Level 6.3 Summonings
 + Level 6.3 Necromancy
 + Level 6.3 Translocations
 + Level 6.3 Transmutations
 + Level 6.3 Fire Magic
 + Level 6.3 Ice Magic
 + Level 6.3 Air Magic
 + Level 6.3 Earth Magic
 + Level 6.3 Poison Magic
 + Level 8.4 Invocations
 + Level 7.6 Evocations


You had 25 spell levels left.
You knew the following spells:

 Your Spells              Type           Power        Failure   Level  Hunger
a - Corona                Hex            ####...      2%          1    None

Your spell library contained the following spells:

 Spells                   Type           Power        Failure   Level  Hunger
 Slow                     Hex            ####....     3%          2    None
 Inner Flame              Hex/Fire       ####....     8%          3    ##.....
 Portal Projectile        Hex/Tloc       ####..       8%          3    ##.....
 Cause Fear               Hex            ####......   26%         4    ####...
 Leda's Liquefaction      Hex/Erth       ####......   26%         4    ####...


Dungeon Overview and Level Annotations

Branches:
Dungeon (10/15)            Temple (1/1) D:4            Lair (5/6) D:8
 Shoals (0/4) Lair:4        Snake (0/4) Lair:3        Slime (0/5) Lair:5
    Orc: D:9-12

Altars:
Ashenzari
Cheibriados
Dithmenos
Fedhas
Gozag
Hepliaklqana
Makhleb
Nemelex Xobeh
Okawaru
Sif Muna
Trog
Uskayaw
Vehumet
Wu Jian
Xom
Yredelemnul
The Shining One

Shops:
Lair:4 }

Annotations:
D:4 Natasha
D:6 2 transporters, aaksess's ghost, novice TeAE
D:10 Sonja
Lair:2 exclusion: oklob plant
Lair:3 2 runed translucent doors, Xol Empe's ghost, journeyman DsFi
Lair:4 exclusion: 4 oklob plants


Innate Abilities, Weirdness & Mutations

Your experience applies equally to all skills.
You have very sharp teeth.
Your uncanny sense of smell can sniff out nearby items.


Message History

The rock shatters into small pieces.
The black mamba barely misses you.
You riposte.
You closely miss the black mamba. You block the water moccasin's attack.
The black mamba closely misses you.
You riposte.
You hit the black mamba.
You bite the black mamba, but do no damage.
The black mamba is lightly wounded.
You slash the black mamba!
The black mamba is moderately wounded.
The black mamba bites you.
* * * LOW HITPOINT WARNING * * *
You are poisoned.
The black mamba poisons you! The black mamba bites you!
* * * LOW HITPOINT WARNING * * *
You feel better. The black mamba bites you!
* * * LOW HITPOINT WARNING * * *
You block the black mamba's attack.
You feel agile all of a sudden.
You feel a bit more experienced. The black mamba bites you!
You die...
Your body crumbles into a pile of gold.

#...................#
##............P..####
...............####.#
...............## #.#
.S...........#.# #.#
#.........###.#
.........###.#
........H##.#
.........#@#
........S##
........## ........#
.^....... .........
......... ........##
.......


You could see a black mamba.

Vanquished Creatures
  5 hydras
  Pikel (D:4)
  7 spiny frogs
  A kobold demonologist (D:8)
  2 komodo dragons
  A troll (D:10)
  2 polar bears
  Prince Ribbit (D:7)
  14 blink frogs
  2 slime creatures (Lair:5)
  3 hippogriffs
  Sigmund (D:4)
  13 yaks
  2 wyverns
  3 nagas (Lair:3)
  Menkaure (D:6)
  2 wargs
  A soldier ant (shapeshifter) (D:8)
  Duvessa (D:3)
  5 water moccasins
  7 porcupines
  2 ice beasts
  3 slaves (D:4)
  3 orc warriors
  2 phantoms
  A black bear (D:8)
  2 sky beasts (D:7)
  2 ogres
  10 wolves
  8 centaurs
  5 crocodiles
  12 bullfrogs
  14 big kobolds
  A gnoll sergeant (D:9)
  Dowan (D:4)
  2 scorpions
  12 killer bees
  A crimson imp (D:7)
  2 bullfrog zombies
  8 jellies
  5 hounds
  2 orc priests (D:8)
  Crazy Yiuf (D:7)
  14 orc wizards
  9 worker ants
  Natasha (twice) (D:4)
  3 iguanas
  14 gnolls
  9 adders
  3 shadow imps
  8 oozes
  2 adder skeletons (D:8)
  4 worms
  A dart slug (D:1)
  4 leopard geckos
  31 orcs
  4 giant cockroaches
  7 goblins
  14 hobgoblins
  3 jackals (D:6)
  20 kobolds
  8 bats
  5 frilled lizards
  A leopard gecko zombie (D:5)
  8 rats
348 creatures vanquished.

Vanquished Creatures (others)
  A sky beast (D:8)
  3 fungi (Lair:4)
  5 plants (Lair:4)
9 creatures vanquished.

Grand Total: 357 creatures vanquished

Notes
Turn   | Place    | Note
-------+----------+-------------------------------------------
     0 | D:1      | tsouns the Gnoll Monk began the quest for the Orb.
     0 | D:1      | Reached XP level 1. HP: 23/23 MP: 1/1
   134 | D:1      | Reached XP level 2. HP: 20/29 MP: 2/2
   615 | D:2      | Reached XP level 3. HP: 33/35 MP: 3/3
   777 | D:2      | Reached skill level 1 in Invocations
  1063 | D:2      | Reached skill level 1 in Short Blades
  1063 | D:2      | Reached skill level 1 in Axes
  1063 | D:2      | Reached skill level 1 in Maces & Flails
  1063 | D:2      | Reached skill level 1 in Polearms
  1063 | D:2      | Reached skill level 1 in Staves
  1063 | D:2      | Reached skill level 1 in Slings
  1063 | D:2      | Reached skill level 1 in Bows
  1063 | D:2      | Reached skill level 1 in Crossbows
  1063 | D:2      | Reached skill level 1 in Throwing
  1063 | D:2      | Reached skill level 1 in Armour
  1063 | D:2      | Reached skill level 1 in Shields
  1063 | D:2      | Reached skill level 1 in Unarmed Combat
  1063 | D:2      | Reached skill level 1 in Spellcasting
  1063 | D:2      | Reached skill level 1 in Evocations
  1119 | D:2      | Reached XP level 4. HP: 41/41 MP: 5/5
  1707 | D:3      | Reached skill level 1 in Conjurations
  1707 | D:3      | Reached skill level 1 in Hexes
  1707 | D:3      | Reached skill level 1 in Charms
  1707 | D:3      | Reached skill level 1 in Summonings
  1707 | D:3      | Reached skill level 1 in Necromancy
  1707 | D:3      | Reached skill level 1 in Translocations
  1707 | D:3      | Reached skill level 1 in Transmutations
  1707 | D:3      | Reached skill level 1 in Fire Magic
  1707 | D:3      | Reached skill level 1 in Ice Magic
  1707 | D:3      | Reached skill level 1 in Air Magic
  1707 | D:3      | Reached skill level 1 in Earth Magic
  1707 | D:3      | Reached skill level 1 in Poison Magic
  1995 | D:3      | Reached XP level 5. HP: 47/47 MP: 6/6
  2384 | D:4      | Found a staircase to the Ecumenical Temple.
  2399 | Temple   | Entered the Ecumenical Temple
  2424 | Temple   | Became a worshipper of Gozag Ym Sagoz the Greedy
  2442 | D:4      | Reached XP level 6. HP: 53/53 MP: 8/8
  2473 | D:4      | Noticed Pikel
  2473 | D:4      | Noticed a slave
  2473 | D:4      | Noticed a slave
  2473 | D:4      | Noticed a slave
  2473 | D:4      | Noticed a slave
  2482 | D:4      | Killed a slave
  2488 | D:4      | Killed a slave
  2493 | D:4      | Killed a slave
  2687 | D:4      | Noticed Duvessa
  2687 | D:4      | Noticed Dowan
  2693 | D:4      | Killed Dowan
  2707 | D:3      | HP: 2/53 [Duvessa/+0 short sword (8)]
  2709 | D:3      | Killed Duvessa
  2714 | D:3      | HP: 2/53 [poisoned by Dowan]
  3055 | D:4      | Noticed Sigmund
  3084 | D:4      | Killed Sigmund
  3084 | D:4      | Reached XP level 7. HP: 20/60 MP: 10/10
  3099 | D:4      | Got a bloodstained shield
  3110 | D:4      | Identified the +5 shield "Boliply" {MR+ rCorr Str+3 Dex-5}
                  | (You found it on level 4 of the Dungeon)
  3256 | D:4      | Noticed Natasha
  3268 | D:4      | Killed Natasha
  3455 | D:4      | Killed Pikel
  3455 | D:4      | Reached skill level 5 in Stealth
  3455 | D:4      | Reached XP level 8. HP: 49/67 MP: 10/12
  3515 | D:4      | Noticed Natasha
  3520 | D:4      | Killed Natasha
  3711 | D:4      | Found a shadowy altar of Dithmenos.
  3779 | D:4      | Noticed Natasha
  3803 | D:5      | Entered Level 5 of the Dungeon
  4345 | D:6      | Found a burning altar of Makhleb.
  4418 | D:6      | Reached XP level 9. HP: 62/72 MP: 14/14
  4436 | D:6      | Noticed a deep elf mage
  4438 | D:6      | Found a transporter.
  4439 | D:6      | Noticed aaksess's ghost (novice TeAE)
  4449 | D:6      | Found a transporter.
  4459 | D:6      | Learned a level 1 spell: Corona
  4616 | D:6      | Found a radiant altar of Vehumet.
  4616 | D:6      | Noticed Menkaure
  4624 | D:6      | Killed Menkaure
  5595 | D:7      | Found a runed translucent door.
  5596 | D:7      | Noticed Crazy Yiuf
  5604 | D:7      | Killed Crazy Yiuf
  5625 | D:7      | Noticed Prince Ribbit
  5904 | D:7      | Killed Prince Ribbit
  5904 | D:7      | Reached skill level 5 in Invocations
  6383 | D:8      | Reached XP level 10. HP: 73/80 MP: 17/17
  6491 | D:8      | Found a staircase to the Lair.
  6597 | D:8      | Found a blossoming altar of Fedhas.
  6606 | D:8      | Found a shimmering altar of Xom.
  6606 | D:8      | Found a basalt altar of Yredelemnul.
  6652 | D:8      | Noticed a spiny frog
  7017 | D:8      | Reached skill level 5 in Short Blades
  7017 | D:8      | Reached skill level 5 in Axes
  7017 | D:8      | Reached skill level 5 in Maces & Flails
  7017 | D:8      | Reached skill level 5 in Polearms
  7017 | D:8      | Reached skill level 5 in Staves
  7017 | D:8      | Reached skill level 5 in Slings
  7017 | D:8      | Reached skill level 5 in Bows
  7017 | D:8      | Reached skill level 5 in Crossbows
  7017 | D:8      | Reached skill level 5 in Throwing
  7017 | D:8      | Reached skill level 5 in Armour
  7017 | D:8      | Reached skill level 5 in Shields
  7017 | D:8      | Reached skill level 5 in Unarmed Combat
  7017 | D:8      | Reached skill level 5 in Spellcasting
  7017 | D:8      | Reached skill level 5 in Evocations
  7175 | D:8      | Noticed a kobold demonologist
  7193 | D:8      | Noticed an orange demon
  7435 | D:7      | Noticed a rust devil
  7441 | D:8      | Killed a kobold demonologist
  8568 | D:9      | Reached XP level 11. HP: 35/87 MP: 19/19
  9159 | D:10     | Entered Level 10 of the Dungeon
  9247 | D:10     | Noticed Sonja
  9318 | Lair:1   | Entered Level 1 of the Lair of Beasts
  9367 | Lair:1   | Noticed a six-headed hydra
  9967 | Lair:1   | Reached skill level 5 in Conjurations
  9967 | Lair:1   | Reached skill level 5 in Hexes
  9967 | Lair:1   | Reached skill level 5 in Charms
  9967 | Lair:1   | Reached skill level 5 in Summonings
  9967 | Lair:1   | Reached skill level 5 in Necromancy
  9967 | Lair:1   | Reached skill level 5 in Translocations
  9967 | Lair:1   | Reached skill level 5 in Transmutations
  9967 | Lair:1   | Reached skill level 5 in Fire Magic
  9967 | Lair:1   | Reached skill level 5 in Ice Magic
  9967 | Lair:1   | Reached skill level 5 in Air Magic
  9967 | Lair:1   | Reached skill level 5 in Earth Magic
  9967 | Lair:1   | Reached skill level 5 in Poison Magic
 10004 | Lair:1   | Noticed a seven-headed hydra
 10280 | Lair:1   | Killed a seven-headed hydra
 10915 | Lair:2   | Noticed an eight-headed hydra
 10920 | Lair:2   | Killed an eight-headed hydra
 11017 | Lair:2   | Found a glowing golden altar of the Shining One.
 11018 | Lair:2   | Noticed an oklob plant
 11392 | Lair:3   | Noticed a six-headed hydra
 11449 | Lair:3   | Reached XP level 12. HP: 29/96 MP: 22/22
 12082 | Lair:3   | Found the +3 salamander hide armour {+Rage rF++}
 12112 | Lair:3   | Found a staircase to the Snake Pit.
 12653 | Lair:3   | Noticed a five-headed hydra
 12683 | Lair:3   | Killed a five-headed hydra
 12897 | Lair:3   | Killed a six-headed hydra
 13158 | Lair:3   | Found a large runed translucent door.
 13158 | Lair:3   | Found a large runed translucent door.
 13207 | Lair:3   | Found the +2 cloak of the Thief {+Fog Slay-2 SInv Stlth+}
 13326 | Lair:3   | Noticed Xol Empe's ghost (journeyman DsFi)
 14827 | Lair:4   | Found a staircase to the Shoals.
 14926 | Lair:4   | Reached skill level 10 in Fighting
 14926 | Lair:4   | Reached skill level 10 in Long Blades
 14926 | Lair:4   | Reached skill level 10 in Dodging
 15644 | Lair:4   | Bought a lamp of fire for 560 gold pieces
 15644 | Lair:4   | Bought a phial of floods for 560 gold pieces
 15644 | Lair:4   | Bought a wand of digging (6) for 280 gold pieces
 15644 | Lair:4   | Bought a wand of paralysis (10) for 168 gold pieces
 15646 | Lair:5   | Noticed a four-headed hydra
 15649 | Lair:5   | Killed a four-headed hydra
 15655 | Lair:5   | Found a staircase to the Slime Pits.
 15867 | Lair:5   | Slain by a black mamba

Levels and vault maps discovered:
D:1:      dpeg_arrival_round_c, layout_loops_ring, serial_bayou_pond_a
D:2:      layout_rooms, minmay_pentomino_s2
D:3:      layout_basic
D:4:      layout_loops_cross, grunt_dithmenos_shadows,
          minmay_temple_entry_gardened_gates, uniq_pikel, uniq_natasha,
          uniq_duvessa, uniq_sigmund
D:5:      layout_rooms, first_ration
D:6:      layout_basic, makhleb_heckhound_becter, vehumet_crystals,
          gammafunk_ghost_arena, uniq_menkaure
D:7:      layout_rooms, hangedman_decor_riveting, bh_chokoban,
          uniq_prince_ribbit1, uniq_crazy_yiuf_cottage
D:8:      layout_cave_pods, chequers_temple_overflow_statue_of_worship,
          erik_lair_orcish_takeover, special_room [special_room_kobold],
          hangedman_little_slice_of_home
D:9:      layout_roguey
D:10:     layout_grid_maze, david_orc_5, uniq_harold, uniq_sonja
Temple:   eino_temple_scatter_basement
Lair:1:   layout_cave_shapes, serial_bayou_pond_a
Lair:2:   layout_regular_city, lemuel_oklob_altar
Lair:3:   layout_gridlike, guppyfry_snake_entry_island,
          ebering_ghost_disaster_area, zaba_anthole, minmay_stone_trees_medium,
          lemuel_fruit_tree
Lair:4:   layout_roguey, minmay_shoals_entry_centaurs, minmay_lair_oklob_chamber
Lair:5:   layout_hall_layers, minmay_slime_entry_pillars,
          ebering_ghost_funeral_grove

Skill      XL: |  1  2  3  4  5  6  7  8  9 10 11 12 |
---------------+-------------------------------------+-----
Invocations    | 1 2 3 4 5 6 7 8 |  8.4
Short Blades   | 1 2 3 4 5 6 7 |  7.6
Axes           | 1 2 3 4 5 6 7 |  7.6
Maces & Flails | 1 2 3 4 5 6 7 |  7.6
Polearms       | 1 2 3 4 5 6 7 |  7.6
Staves         | 1 2 3 4 5 6 7 |  7.6
Slings         | 1 2 3 4 5 6 7 |  7.6
Bows           | 1 2 3 4 5 6 7 |  7.6
Crossbows      | 1 2 3 4 5 6 7 |  7.6
Throwing       | 1 2 3 4 5 6 7 |  7.6
Armour         | 1 2 3 4 5 6 7 |  7.6
Shields        | 1 2 3 4 5 6 7 |  7.6
Unarmed Combat | 1 2 3 4 5 6 7 |  7.6
Spellcasting   | 1 2 3 4 5 6 7 |  7.6
Evocations     | 1 2 3 4 5 6 7 |  7.6
Conjurations   | 1 2 3 4 5 6 |  6.3
Hexes          | 1 2 3 4 5 6 |  6.3
Charms         | 1 2 3 4 5 6 |  6.3
Summonings     | 1 2 3 4 5 6 |  6.3
Necromancy     | 1 2 3 4 5 6 |  6.3
Translocations | 1 2 3 4 5 6 |  6.3
Transmutations | 1 2 3 4 5 6 |  6.3
Fire Magic     | 1 2 3 4 5 6 |  6.3
Ice Magic      | 1 2 3 4 5 6 |  6.3
Air Magic      | 1 2 3 4 5 6 |  6.3
Earth Magic    | 1 2 3 4 5 6 |  6.3
Poison Magic   | 1 2 3 4 5 6 |  6.3
Fighting       | 7 8 9 10 | 10.1
Long Blades    | 7 8 9 10 | 10.1
Dodging        | 7 8 9 10 | 10.1
Stealth        | 5 6 7 8 |  8.8

Action                   |  1- 3 |  4- 6 |  7- 9 | 10-12 || total
-------------------------+-------+-------+-------+-------++-------
Melee: Falchion          |    91 |    97 |       |    86 ||   274
       Bite              |    15 |    23 |    45 |   109 ||   192
       Long sword        |       |    72 |   374 |   827 ||  1273
       Punch             |       |     1 |       |       ||     1
       Flail             |       |       |       |    10 ||    10
       Dagger            |       |       |       |    16 ||    16
Throw: Stone             |     2 |       |     4 |     9 ||    15
       Tomahawk          |       |       |       |     3 ||     3
 Cast: Corona            |       |       |       |     1 ||     1
Invok: Call Merchant     |       |       |       |     1 ||     1
Evoke: Wand              |       |       |       |    14 ||    14
  Use: Scroll            |       |     6 |     6 |     9 ||    21
       Potion            |       |     2 |     2 |    14 ||    18
 Stab: Sleeping          |     7 |     3 |     1 |    10 ||    21
       Distracted        |       |     1 |       |     3 ||     4
       Invisible         |       |       |       |     1 ||     1
  Eat: Chunk             |     1 |     4 |       |       ||     5
       Ration            |       |     1 |     3 |     9 ||    13
Armor: Leather armour    |    14 |    26 |       |    34 ||    74
       Scale mail        |       |     3 |    71 |   129 ||   203
       Plate armour      |       |       |    14 |     3 ||    17
       Skin              |       |       |       |    11 ||    11
Dodge: Dodged            |    63 |   129 |    97 |   336 ||   625
Block: Shield            |       |       |   244 |   699 ||   943
       Rpst.: Falchion   |    24 |    20 |       |     6 ||    50
       Long sword        |       |    10 |    35 |    68 ||   113

Table legend:
 A = Non-vault XP
 B = Vault XP
 C = Vault XP percentage of total XP
 D = Non-vault monster count
 E = Vault monster count
 F = Vault count percentage of total count
                 A         B        C        D         E       F
            +---------+---------+-------+---------+---------+-------
      Total |   24818 |    6944 |  21.9 |     272 |      73 |  21.2
            +---------+---------+-------+---------+---------+-------
        D:1 |      27 |       0 |   0.0 |      16 |       0 |   0.0
        D:2 |      69 |       3 |   4.2 |      25 |       2 |   7.4
        D:3 |     177 |     145 |  45.0 |      21 |       1 |   4.5
        D:4 |     191 |    1138 |  85.6 |      16 |       5 |  23.8
        D:5 |     363 |       0 |   0.0 |      13 |       0 |   0.0
        D:6 |     823 |     200 |  19.6 |      25 |       2 |   7.4
        D:7 |    1107 |     555 |  33.4 |      19 |       4 |  17.4
        D:8 |    1832 |    2142 |  53.9 |      43 |      38 |  46.9
        D:9 |    1459 |       0 |   0.0 |      17 |       0 |   0.0
       D:10 |     452 |       0 |   0.0 |       6 |       0 |   0.0
     Lair:1 |    3465 |       0 |   0.0 |      12 |       0 |   0.0
     Lair:2 |    3748 |       0 |   0.0 |      14 |       0 |   0.0
     Lair:3 |    4611 |     628 |  12.0 |      17 |       7 |  29.2
     Lair:4 |    4980 |    1511 |  23.3 |      24 |      10 |  29.4
     Lair:5 |    1514 |     622 |  29.1 |       4 |       4 |  50.0
            +---------+---------+-------+---------+---------+-------
